AoeStats
← Pope08

African Clearing

510564112Analyzed
2v2 RM · 1d ago on Oct 1, 2026· 37m 21s· 4 players
Game mode
Random Map
Map size
Medium (4 player)
Population
200
Speed
Normal
Resources
Standard
Victory
Conquest
Starting age
Dark Age
Ending age
Imperial Age
RankedLock teamsTeams togetherTeam positionsShared explorationLock speedFull tech treeHidden civsTurbo modeCheats
Victory
Defeat
🇨🇱 Armenians · Chile
1033
+15
🇨🇴 Georgians · Colombia
1004
+15
🇷🇴 Saxons · Romania
1000
-45
🇷🇴 Cumans · Romania
1000
-45
Pope08
12:43 Feudal Age
13:18 Double-Bit Axe
13:16 Horse Collar
13:31 Man-at-Arms
20:19 Forging
23:13 Arson
23:31 Fletching
23:53 Scale Mail Armor
26:25 Padded Archer Armor
29:43 Castle Age
29:49 Crossbowman
31:07 Pikeman
35:05 Iron Casting
37:22 Chain Mail Armor
Vendetta
15:55 Feudal Age
18:00 Man-at-Arms
21:24 Forging
21:14 Scale Mail Armor
28:39 Town Watch
YourDuality
15:12 Feudal Age
18:26 Double-Bit Axe
21:27 Wheelbarrow
21:01 Loom
23:26 Castle Age
21:28 Stone Mining
36:29 Fletching
36:39 Padded Archer Armor
epic shit
7:22 Loom
12:02 Feudal Age
12:42 Man-at-Arms
13:20 Arson
14:16 Wheelbarrow
14:28 Long Swordsman
17:01 Forging
18:20 Scale Mail Armor
23:49 Double-Bit Axe
24:21 Town Watch
24:28 Fletching
28:29 Castle Age
28:09 Scale Barding Armor
28:57 Bloodlines
28:46 Two-Handed Swordsman
29:14 Gambesons
29:30 Squires
29:55 Husbandry
31:15 Iron Casting
34:24 Bow Saw
34:05 Gold Mining
35:05 Elite Skirmisher
37:51 Hand Cart
Connection lost

Rejoining the realm…

Still unreachable

The connection could not be restored.

Session expired

The server has moved on; the page needs a fresh start.